 Dungeon Crawl Stone Soup version 0.19.4 (webtiles) character file.

555 Jerry the Shield-Bearer (level 7, -15/52 HPs)
             Began as a Formicid Fighter on Feb 5, 2017.
             Demolished by an ogre
             ... wielding a +0 giant spiked club
              (24 damage)
             ... on level 4 of the Dungeon.
             The game lasted 00:06:10 (3779 turns).

Jerry the Shield-Bearer (Formicid Fighter)          Turns: 3779, Time: 00:06:10

Health: -15/52     AC:  7    Str: 20      XL:     7   Next: 55%
Magic:  7/7        EV:  8    Int: 10      God:
Gold:   174        SH: 10    Dex:  7 (10) Spells: 0 memorised, 6 levels left

rFire  . . .     SeeInvis +     a - +0 war axe
rCold  . . .     Gourm    .     b - +0 scale mail
rNeg   . . .     Faith    .     c - +0 shield
rPois  .         Spirit   .     (helmet unavailable)
rElec  .         Reflect  .     (no cloak)
rCorr  .         Harm     .     (no gloves)
MR     .....                    (no boots)
Stlth  ..........               (no amulet)
                                (no ring)
                                (no ring)

@: no status effects
A: permanent stasis, dig shafts and tunnels, four strong arms, antennae 3
a: Dig, Shaft Self


You were on level 4 of the Dungeon.
You were not hungry.

You visited 1 branch of the dungeon, and saw 4 of its levels.

You collected 174 gold pieces.

Inventory:

Hand Weapons
 a - a +0 war axe (weapon)
Armour
 b - a +0 scale mail (worn)
 c - a +0 shield (worn)
Wands
 t - a wand of random effects (11/48)
 u - a wand of flame (11/48)
Scrolls
 e - a scroll of fog {unknown}
 g - 4 scrolls of remove curse {unknown}
 h - 8 scrolls of identify {unknown}
 l - 2 scrolls of enchant armour {unknown}
 n - a scroll of amnesia {unknown}
 p - a scroll of enchant weapon {unknown}
 q - 2 scrolls of teleportation {unknown}
 r - a scroll of magic mapping {unknown}
 s - a scroll of blinking {unknown}
 w - a scroll of immolation {unknown}
Potions
 d - 2 potions of might
 j - 3 potions of curing {unknown}
 m - 3 potions of haste {unknown}
 v - 2 potions of lignification {unknown}
 x - a potion of ambrosia {unknown}
Comestibles
 f - a bread ration
 k - 4 meat rations
 o - a beef jerky


   Skills:
 - Level 3.2 Fighting
 * Level 5.3 Axes
 + Level 5.2 Armour
 + Level 6.1 Shields


You had 6 spell levels left.
You didn't know any spells.

Dungeon Overview and Level Annotations

Branches:
Dungeon (4/15)
 Temple: D:4-7

Altars:
Cheibriados
Hepliaklqana
Makhleb

Annotations:
D:4 Jerry's ghost, amateur FoFi


Innate Abilities, Weirdness & Mutations

You are under a permanent stasis effect.
You can dig through walls and to a lower floor.
Your four strong arms can wield two-handed weapons with a shield.
You have a pair of large antennae on your head. (SInv)


Message History

The orc wizard miscasts a cantrip.
You block the ogre's attack.
You barely miss the ogre.
The ogre is heavily wounded.
You closely miss the orc. You block the orc's attack.
The orc priest calls down the wrath of Beogh upon you.
Beogh smites you! The ogre barely misses you.
You slash the ogre!
The ogre is almost dead.
You completely miss the orc. The orc hits you but does no damage.
The ogre hits you with a giant spiked club!!
You barely miss the ogre.
The ogre is almost dead.
You barely miss the orc. You block the orc's attack.
The orc wizard looks satisfied for a moment.
The orc priest invokes the aid of Beogh against you.
Beogh smites you!
* * * LOW HITPOINT WARNING * * *
The ogre hits you with a giant spiked club!!
You die...

#########
#.......#
#..$....#
#.......#
#.......#
#.......#
#.....%[#
#......@#
#....##Oo#
##. .#oo#
.. ho.#
... o(.#
.... ...#
..... ....
......
...## ....


You could see an ogre, a hound, 2 orc priests, an orc wizard and 2 orcs.

Vanquished Creatures
  An ogre (D:3)
  A quasit (D:3)
  An orc priest (D:3)
  Jessica (D:2)
  Natasha (thrice) (D:2)
  An orc wizard (D:3)
  A worker ant (D:3)
  Ijyb (D:2)
  Robin (D:3)
  6 gnolls
  3 adders
  2 oozes
  5 worms
  3 dart slugs
  A leopard gecko (D:3)
  9 orcs
  2 ball pythons
  5 giant cockroaches
  20 goblins
  8 hobgoblins
  4 jackals
  A quokka (D:4)
  9 bats
  8 frilled lizards
  8 kobolds
  15 rats
120 creatures vanquished.

Notes
Turn   | Place    | Note
-------+----------+-------------------------------------------
     0 | D:1      | Jerry the Formicid Fighter began the quest for the Orb.
     0 | D:1      | Reached XP level 1. HP: 18/18 MP: 1/1
   139 | D:1      | Reached XP level 2. HP: 22/24 MP: 2/2
   255 | D:1      | Reached skill level 4 in Shields
   440 | D:1      | Reached XP level 3. HP: 17/29 MP: 3/3
   909 | D:2      | Noticed Natasha
   917 | D:2      | Killed Natasha
   917 | D:2      | Reached XP level 4. HP: 31/35 MP: 4/4
  1042 | D:2      | Noticed Natasha
  1046 | D:2      | Killed Natasha
  1046 | D:2      | Reached XP level 5. HP: 35/41 MP: 5/5
  1118 | D:2      | Noticed Jessica
  1124 | D:2      | Killed Jessica
  1240 | D:2      | Reached skill level 5 in Shields
  1245 | D:2      | Noticed Ijyb
  1256 | D:2      | Killed Ijyb
  1437 | D:2      | Noticed Natasha
  1442 | D:2      | Killed Natasha
  1442 | D:2      | Reached XP level 6. HP: 40/47 MP: 6/6
  2518 | D:3      | Found a snail-covered altar of Cheibriados.
  2745 | D:3      | Noticed Robin
  2758 | D:3      | Reached XP level 7. HP: 40/52 MP: 7/7
  2761 | D:3      | Reached skill level 5 in Armour
  2764 | D:3      | Killed Robin
  2968 | D:3      | Found a burning altar of Makhleb.
  3168 | D:4      | Noticed Jerry's ghost (amateur FoFi)
  3170 | D:4      | Found a hazy altar of Hepliaklqana.
  3496 | D:3      | Reached skill level 5 in Axes
  3501 | D:3      | Reached skill level 6 in Shields
  3779 | D:4      | Demolished by an ogre

Skill      XL: |  1  2  3  4  5  6  7 |
---------------+----------------------+-----
Shields        | 4 5 6 |  6.1
Axes           | 3 4 5 |  5.3
Armour         | 4 5 |  5.2
Fighting       | |  3.2

Action                   |  1- 3 |  4- 6 |  7- 9 || total
-------------------------+-------+-------+-------++-------
Melee: War axe           |    94 |   229 |    55 ||   378
 Abil: Dig               |       |       |     1 ||     1
  Eat: Chunk             |       |     7 |     3 ||    10
Armor: Scale mail        |    43 |   112 |    24 ||   179
Dodge: Dodged            |    40 |    99 |    34 ||   173
Block: Shield            |    61 |   141 |    42 ||   244
